 Dungeon Crawl Stone Soup version 0.31-a0-182-gc5ef74bbde (webtiles) character file.

Game seed: 10580245664459813524

81 2FriedEggs the Shooter (level 4, -3/26 HPs)
             Began as a Kobold Hunter on June 20, 2023.
             Slain by an orc
             ... wielding a +0 war axe
              (7 damage)
             ... on level 2 of the Dungeon.
             The game lasted 00:03:03 (1667 turns).

2FriedEggs the Shooter (Kobold Hunter)              Turns: 1667, Time: 00:03:04

Health: -3/26      AC:  8    Str:  8    XL:     4   Next: 67%
Magic:  4/4        EV: 14    Int: 10    God:
Gold:   83         SH:  0    Dex: 20    Spells: 3/3 levels left

rFire   . . .        a - +0 shortbow
rCold   . . .        (shield currently unavailable)
rNeg    . . .        c - +0 leather armour
rPois   .            (no helmet)
rElec   .            (no cloak)
rCorr   .            m - +0 pair of gloves {hurl}
SInv    .            (no boots)
Will    .....        (no amulet)
Stlth   +++          k - +4 ring of protection
HPRegen 0.24/turn    (no ring)
MPRegen 0.09/turn

%: no passive effects
@: attractive
A: small, no large weapons, nightstalker 3
a: no special abilities


You were on level 2 of the Dungeon.
You visited 1 branch of the dungeon, and saw 3 of its levels.

You collected 83 gold pieces.

Inventory:

Hand Weapons
 a - a +0 shortbow (weapon)
Missiles
 s - 4 curare-tipped darts
Armour
 c - a +0 leather armour (worn)
 m - a +0 pair of gloves of hurling (worn)
Jewellery
 k - a +4 ring of protection (left hand)
 n - a ring of wizardry
Scrolls
 b - a scroll of butterflies
 d - a scroll of summoning {unknown}
 e - 3 scrolls of enchant weapon {unknown}
 f - a scroll of revelation {unknown}
 g - a scroll of amnesia {unknown}
 i - a scroll of teleportation {unknown}
 j - 2 scrolls of identify {unknown}
 q - a scroll of fog {unknown}
 r - a scroll of blinking {unknown}
Potions
 h - a potion of heal wounds {unknown}
 l - 2 potions of attraction
 o - a potion of enlightenment {unknown}
 p - 2 potions of haste {unknown}


   Skills:
 - Level 2.1 Fighting
 + Level 7.6 Ranged Weapons
 - Level 2.4 Dodging
 - Level 1.3 Stealth


You had 3 spell levels left.
You didn't know any spells.
Your spell library contained the following spells:

 Spells                   Type           Power      Damage    Failure   Level
 Kiss of Death            Conj/Necr      0%         2d5       50%         1
 Ensorcelled Hibernation  Hex/Ice        0%         N/A       63%         2
 Confusing Touch          Hex            0%         N/A       86%         3
 Spider Form              Tmut/Pois      0%         N/A       86%         3
 Anguish                  Hex/Necr       0%         N/A       99%         4
 Dispel Undead            Necr           0%         3d6       99%         4


Dungeon Overview and Level Annotations

Branches:
Dungeon (3/15)

Altars:
Ru

Shops:
D:1 (:!


Innate Abilities, Weirdness & Mutations

You are small and have problems with some larger weapons.
You are completely attuned to the shadows.


Message History

The orc misses you.
You shoot an arrow. The arrow barely misses the orc.
The orc hits you but does no damage. The orc hits you with a +0 war axe.
You shoot an arrow. The arrow closely misses the orc.
The orc hits you with a +0 war axe.
Fire: a) +0 shortbow
Press: ? - help, Q - select action, (/) - cycle Shift-Dir - straight line, f/p - orc
Aim: an orc, wielding a +0 war axe and wearing a +0 chain mail (moderately wounded, 72% to hit)
You shoot an arrow.
The arrow hits the orc but does no damage.
The orc is moderately wounded.
The orc hits you but does no damage.
Fire: a) +0 shortbow
Press: ? - help, Q - select action, (/) - cycle Shift-Dir - straight line, f/p - orc
Aim: an orc, wielding a +0 war axe and wearing a +0 chain mail (moderately wounded, 72% to hit)
You shoot an arrow. The arrow closely misses the orc.
The orc completely misses you.
Fire: a) +0 shortbow
Press: ? - help, Q - select action, (/) - cycle Shift-Dir - straight line, f/p - orc
Aim: an orc, wielding a +0 war axe and wearing a +0 chain mail (moderately wounded, 72% to hit)
You shoot an arrow.
The arrow hits the orc but does no damage.
The orc is moderately wounded.
The orc closely misses you.
Fire: a) +0 shortbow
Press: ? - help, Q - select action, (/) - cycle Shift-Dir - straight line, f/p - orc
Aim: an orc, wielding a +0 war axe and wearing a +0 chain mail (moderately wounded, 72% to hit)
You shoot an arrow.
The arrow hits the orc but does no damage.
The orc is moderately wounded.
The orc hits you with a +0 war axe!
* * * LOW HITPOINT WARNING * * *
Fire: a) +0 shortbow
Press: ? - help, Q - select action, (/) - cycle Shift-Dir - straight line, f/p - orc
Aim: an orc, wielding a +0 war axe and wearing a +0 chain mail (moderately wounded, 72% to hit)
Okay, then.
It was a potion of attraction.
You feel attractive to monsters. The orc hits you with a +0 war axe!
You die...

.##.....#######.#
########. .####...#
#.# #^....... .#
###.# #.# #.#######
.# #.# #.# #.#
.######.#######.# #.#
#...............# #.#
.######.######..# #.#
........#
#..#########.####
#########
#.o@............#
#####.#########.<##.#
#[>)..# #...##.#
#.##### ###...##.#
#.# #........# #.#
#........# #.#
#.......## #.#
#.#......# #.#
#.#...##.#


You could see an orc.

Vanquished Creatures
  An orc wizard (D:2)
  A gnoll (D:1)
  An adder (D:3)
  2 dart slugs
  3 orcs
  4 ball pythons
  2 endoplasms (D:2)
  A giant cockroach (D:1)
  A hobgoblin (D:1)
  3 kobolds
  2 bats
  2 frilled lizards (D:2)
  6 goblins
29 creatures vanquished.

Notes
Turn   | Place    | Note
-------+----------+-------------------------------------------
     0 | D:1      | 2FriedEggs the Kobold Hunter began the quest for the Orb.
     0 | D:1      | Reached XP level 1. HP: 12/12 MP: 1/1
   174 | D:1      | Found Mour's Antique Weapon Shop.
   331 | D:1      | Reached XP level 2. HP: 17/17 MP: 2/2
   358 | D:1      | Reached skill level 6 in Ranged Weapons
   388 | D:1      | Found Kaaquot's Distillery.
   544 | D:1      | Found a faded altar of an unknown god.
   576 | D:1      | Found Qelyrroh's Book Emporium.
   582 | D:1      | Reached XP level 3. HP: 21/21 MP: 3/3
  1308 | D:2      | Found a sacrificial altar of Ru.
  1527 | D:3      | Reached skill level 7 in Ranged Weapons
  1527 | D:3      | Reached XP level 4. HP: 26/26 MP: 4/4
  1667 | D:2      | Slain by an orc

Illustrated notes

Levels and vault maps discovered:
D:1:      minmay_arrival_cross, layout_loops_ring,
          hellmonk_ecumenical_altar_inner_sanctum, serial_shops,
          nicolae_shop_industrial_runoff, shop, nicolae_shop_window_shopping
D:2:      layout_loops_ring, basic_altar
D:3:      layout_basic, dreamdust_divine_triumvirate,
          mainiacjoe_overflow_six_doors_small, gammafunk_temple_overflow_pools,
          minmay_misc_feat_secret_circle

Skill      XL: |  1  2  3 |
---------------+----------+-----
Ranged Weapons | 6 7 |  7.6
Fighting       | |  2.1
Dodging        | |  2.4
Stealth        | |  1.3

Action                     |  1- 3 |  4- 6 || total
---------------------------+-------+-------++-------
   Fire: Shortbow          |    59 |    31 ||    90
  Throw: Dart              |       |     4 ||     4
    Use: Potion            |       |     1 ||     1
 Armour: Leather armour    |     2 |    13 ||    15
  Dodge: Dodged            |    12 |    17 ||    29

Table legend: (Time is in decaauts)
 A = Elapsed time spent in this place.
 B = Non-inter-level travel time spent in this place.
 C = Inter-level travel time spent in this place.
 D = Time resting spent in this place.
 E = Time spent auto-exploring this place.
 F = Levels seen in this place.
 G = Mean time per level.
                   A        B        C        D        E       F      G
               +--------+--------+--------+--------+--------+-----+--------+
         Total |   1679 |   1593 |     86 |      0 |   1368 |   3 |  559.7 |
       Dungeon |   1679 |   1593 |     86 |      0 |   1368 |   3 |  559.7 |
               +--------+--------+--------+--------+--------+-----+--------+

Top non-repeatable levels by time:
     D:1: 789 daAuts
     D:2: 787 daAuts
     D:3: 102 daAuts
